 Dungeon Crawl Stone Soup version 0.31-a0-1589-g8f5e8aebd6 (webtiles) character file.

Game seed: 4380315837981159500

52 Flugslaktarn the Apothecary (level 3, 0/21 HPs)
             Began as an Octopode Alchemist on Jan 6, 2024.
             Constricted to death by a ball python (1 damage)
             ... on level 2 of the Dungeon.
             The game lasted 00:00:54 (529 turns).

Flugslaktarn the Apothecary (Octopode Alchemist)     Turns: 529, Time: 00:00:54

Health: 0/21       AC:  1    Str:  7    XL:     3   Next: 85%
Magic:  5/7        EV: 10    Int: 19    God:
Gold:   41         SH:  0    Dex: 12    Spells: 6/7 levels left

rFire   + . .        l - +1 dagger (venom)
rCold   . . .        (no shield)
rNeg    . . .        (helmet restricted)
rPois   .            (no amulet)
rElec   .            f - ring of protection from fire
rCorr   .            (no ring)
SInv    .            (no ring)
Will    .....        (no ring)
Stlth   +++          (no ring)
HPRegen 0.23/turn    (no ring)
MPRegen 0.10/turn    (no ring)
                     (no ring)

%: no passive effects
@: hasted, constricted, very quick
A: almost no armour, amphibious, 8 rings, camouflage 1, gelatinous body 1,
(nimble swimmer 1), tentacles
a: no special abilities


You were on level 2 of the Dungeon.
You visited 1 branch of the dungeon, and saw 2 of its levels.

You collected 41 gold pieces.

Inventory:

Hand Weapons
 l - a +1 dagger of venom (weapon)
   (You took it off a kobold on level 1 of the Dungeon)
Jewellery
 f - a ring of protection from fire (left tentacle)
   (You found it on level 2 of the Dungeon)
Scrolls
 b - a scroll of enchant weapon {unknown}
 g - 2 scrolls of silence {unknown}
 i - 2 scrolls of identify {unknown}
Potions
 a - a potion of magic
 c - a potion of might {unknown}
 d - a potion of brilliance {unknown}
 e - a potion of attraction {unknown}
 h - 2 potions of haste
 j - a potion of berserk rage {unknown}
 k - a potion of heal wounds {unknown}


   Skills:
 - Level 2.0 Dodging
 - Level 2.6 Stealth
 + Level 2.7 Spellcasting
 - Level 1.0 Conjurations
 * Level 4.5 Alchemy


You had 6 spell levels left.
You knew the following spells:

 Your Spells              Type           Power      Damage    Failure   Level
a - Sting                 Conj/Alch      52%        1d6       4%          1

Your spell library contained the following spells:

 Spells                   Type           Power      Damage    Failure   Level
 Mercury Vapours          Alch/Air       22%        N/A       10%         2
 Magic Dart               Conj           24%        1d4       11%         1
 Mephitic Cloud           Conj/Alch/Air  9%         N/A       22%         3
 Blink                    Tloc           4%         N/A       24%         2
 Call Imp                 Summ           4%         N/A       24%         2
 Olgreb's Toxic Radiance  Alch           20%        N/A       24%         4
 Sticky Flame             Fire/Alch      11%        2d5       52%         4


Dungeon Overview and Level Annotations

Branches:
Dungeon (2/15)

Altars:


Innate Abilities, Weirdness & Mutations

You cannot wear most types of armour.
You are amphibious.
You can wear up to eight rings at the same time.
Your skin changes colour to match your surroundings (Stealth+).
Your rubbery body absorbs attacks. (AC +1, EV +1)
((You are camouflaged when in or above water. (Stealth+)))
You have tentacles for arms and can constrict up to eight enemies at once.


Message History

A bat comes into view.
The goblin shouts!
You hear an angry hiss.
You hear a loud squeak.
You hear an angry hiss.
A ball python and a rat come into view.
Casting: Sting (safe; 5% risk of failure)
Confirm with . or Enter, or press ? or * to list all spells.
Aiming: Sting (safe; 5% risk of failure)
Press: ? - help, Shift-Dir - straight line, f - goblin
Aim: a goblin, wielding a +0 dagger (64% to hit)
The sting hits the goblin.
The goblin is poisoned.
You kill the goblin!
A ball python comes into view.
Casting: Sting (safe; 5% risk of failure)
Confirm with . or Enter, or press ? or * to list all spells.
Aiming: Sting (safe; 5% risk of failure)
Press: ? - help, Shift-Dir - straight line, f - bat
Aim: a bat (57% to hit)
The sting misses the bat.
The ball python hisses angrily.
An adder comes into view.
A quokka comes into view.
The bat hits you.
Casting: Sting (safe; 5% risk of failure)
Confirm with . or Enter, or press ? or * to list all spells.
Aiming: Sting (safe; 5% risk of failure)
Press: ? - help, Shift-Dir - straight line, f/p - bat
Aim: a bat (57% to hit)
You miscast Sting.
You are very lightly contaminated with residual magic.
Nothing appears to happen.
The bat hits you. The bat barely misses you. The ball python barely misses you.
The ball python closely misses you. The bat closely misses you.
The bat attacks as it pursues you! The bat closely misses you. x2
The bat attacks as it pursues you! The bat misses you. x2
The bat completely misses you.
Your magical contamination has completely faded away.
The bat hits you but does no damage. x2
There is a stone staircase leading down here.
The bat completely misses you. The bat barely misses you.
You miss the bat. Your grab misses the bat. The bat closely misses you.
The bat barely misses you.
You closely miss the bat. Your grab misses the bat. The bat barely misses you.
The bat closely misses you.
You barely miss the bat. Your grab misses the bat. The bat hits you.
You miss the bat. Your grab misses the bat. The bat barely misses you.
You hit the adder.
The adder is poisoned.
Your grab misses the adder. You squeeze the adder!
You kill the adder!
The bat hits you but does no damage. The bat completely misses you.
The ball python closely misses you. x2; The quokka barely misses you.
The ball python closely misses you. The ball python grabs you.
The ball python constricts you.
You barely miss the ball python. You grab the ball python.
You constrict the ball python. The bat closely misses you.
The ball python bites you. The quokka closely misses you.
The ball python bites you. The ball python constricts you.
The ball python bites you.
You hit the ball python.
The ball python is poisoned.
You tentacle-slap the ball python.
You kill the ball python!
The quokka bites you but does no damage.
The bat closely misses you. The ball python bites you.
The ball python grabs you. The ball python constricts you.
The quokka barely misses you.
You completely miss the ball python. Your grab misses the ball python.
You tentacle-slap the ball python.
The ball python is moderately wounded.
The bat barely misses you.
The ball python bites you but does no damage.
The ball python constricts you. The quokka bites you.
You are too injured to fight recklessly!
You are too injured to fight recklessly!
You miss the bat. You grab the bat. You constrict the bat. The bat hits you.
The bat hits you but does no damage. The ball python barely misses you.
The ball python constricts you. The quokka barely misses you.
You hit the quokka but do no damage.
The quokka is poisoned.
You grab the quokka. You squeeze the quokka.
The quokka is moderately wounded.
You constrict the quokka. You constrict the bat. The bat hits you.
* * * LOW HITPOINT WARNING * * *
The bat struggles to escape constriction.
The ball python bites you.
* * * LOW HITPOINT WARNING * * *
The ball python constricts you. The quokka bites you.
* * * LOW HITPOINT WARNING * * *
The bat struggles to escape constriction.
You hit the quokka.
You kill the quokka!
You constrict the bat.
You kill the bat!
The ball python misses you. The ball python constricts you.
* * * LOW HITPOINT WARNING * * *
The ball python closely misses you. The ball python constricts you.
* * * LOW HITPOINT WARNING * * *
Unknown command.
It was a potion of haste.
You feel yourself speed up.
h - 2 potions of haste;
d - a viscous orange potion The rat barely misses you.
The ball python closely misses you. The ball python constricts you.
You die...

##.....# ###......# ##
##........# #.
#.#.......##
#.##.####.....# ##
#..#.# #.#.#.# ..
#...####...#..# ..
#...##r>).....# .#
###...†@S#..##..# .#
..#.....†###..# .... .#
............## #..# #..
.#.......##.#..####..###
. .##...# #.#.).........
.##...# ..##..........
###...# ##.# ##.........
# #...# #..# #.........
###...###.## #.........


You could see a ball python and a rat.

Vanquished Creatures
  2 adders (D:2)
  A dart slug (D:1)
  A ribbon worm (D:2)
  4 endoplasms
  A giant cockroach (D:2)
  2 goblins (D:2)
  3 hobgoblins
  2 jackals (D:1)
  6 kobolds
  A quokka (D:2)
  2 ball pythons
  3 bats
  2 rats (D:1)
30 creatures vanquished.

Notes
Turn   | Place    | Note
-------+----------+-------------------------------------------
     0 | D:1      | Flugslaktarn the Octopode Alchemist began the quest for the
                  | Orb.
     0 | D:1      | Reached XP level 1. HP: 11/11 MP: 3/3
   221 | D:1      | Reached XP level 2. HP: 17/17 MP: 5/5
   258 | D:1      | Found a faded altar of an unknown god.
   296 | D:1      | Reached skill level 4 in Alchemy
   387 | D:2      | Reached XP level 3. HP: 21/21 MP: 6/6
   528 | D:2      | HP: 1/21 [constriction (1)]
   529 | D:2      | Constricted to death by a ball python

Illustrated notes

Levels and vault maps discovered:
D:1:      wander_arrival_abandoned_jail, layout_loops_ring,
          shapermc_ecumenical_altar_acropolis
D:2:      cheibrodos_helix_gallery, layout_rooms, roderic_lattice_a

Skill      XL: |  1  2 |
---------------+-------+-----
Alchemy        | 4 |  4.5
Dodging        | |  2.0
Stealth        | |  2.6
Spellcasting   | |  2.7
Conjurations   | |  1.0

Action                     || total
---------------------------++-------
  Melee: Unarmed           ||     8
         Dagger            ||    43
         Constrict         ||     9
         Tentacles         ||    14
         Punch             ||     3
   Cast: Sting             ||    22
    Use: Potion            ||     1
   Stab: Sleeping          ||     1
 Armour: Skin              ||    41
  Dodge: Dodged            ||    56

Table legend: (Time is in decaauts)
 A = Elapsed time spent in this place.
 B = Non-inter-level travel time spent in this place.
 C = Inter-level travel time spent in this place.
 D = Time resting spent in this place.
 E = Time spent auto-exploring this place.
 F = Levels seen in this place.
 G = Mean time per level.
                   A        B        C        D        E       F      G
               +--------+--------+--------+--------+--------+-----+--------+
         Total |    527 |    527 |      0 |      0 |    282 |   2 |  263.5 |
       Dungeon |    527 |    527 |      0 |      0 |    282 |   2 |  263.5 |
               +--------+--------+--------+--------+--------+-----+--------+

Top non-repeatable levels by time:
     D:1: 344 daAuts
     D:2: 183 daAuts
